 Dungeon Crawl Stone Soup version 0.29-a0-598-gd8304a5bf4 (webtiles) character file.

Game seed: 10349865088604376143

89 Shayle the Sneak (level 4, -1/27 HPs)
             Began as a Tengu Brigand on June 16, 2022.
             Slain by Grinder (6 damage)
             ... on level 3 of the Dungeon.
             The game lasted 00:04:43 (2335 turns).

Shayle the Sneak (Tengu Brigand)                    Turns: 2335, Time: 00:04:46

Health: -1/27      AC:  7    Str: 18    XL:     4   Next: 55%
Magic:  7/7        EV: 12    Int: 13    God:
Gold:   86         SH:  0    Dex: 15    Spells: 6/6 levels left

rFire   . . .      SeeInvis .   p - +2 dagger (venom)
rCold   . . .      Faith    .   (no shield)
rNeg    . . .      Spirit   .   b - +0 robe
rPois   .          Reflect  .   (helmet restricted)
rElec   .          Harm     .   c - +0 cloak
rCorr   .          Rampage  .   (no gloves)
Will    .....                   (boots unavailable)
Stlth   +++.......              w - amulet of the acrobat
HPRegen 0.09/turn               n - +4 ring of protection
MPRegen 0.10/turn               r - +6 ring of strength

@: flying
A: beak, talons 3
a: no special abilities


You were on level 3 of the Dungeon.
You visited 1 branch of the dungeon, and saw 3 of its levels.

You collected 86 gold pieces.

Inventory:

Hand Weapons
 a - a +2 dagger
 o - a +0 vorpal hand axe
 p - a +2 dagger of venom (weapon)
Missiles
 d - 11 poisoned darts (quivered)
 e - 3 curare-tipped darts
Armour
 b - a +0 robe (worn)
 c - a +0 cloak (worn)
Jewellery
 n - a +4 ring of protection (left hand)
 r - a +6 ring of strength (right hand)
 w - an amulet of the acrobat (around neck)
Scrolls
 f - a scroll of summoning {unknown}
 h - a scroll of acquirement {unknown}
 i - a scroll of poison {unknown}
 j - 3 scrolls of identify {unknown}
 m - a scroll of immolation {unknown}
 t - a scroll of fear {unknown}
 u - a scroll of teleportation {unknown}
Potions
 g - 2 potions of attraction {unknown}
 k - a potion of might {unknown}
 l - a potion of flight
 q - a potion of curing {unknown}
 s - a potion of resistance {unknown}
 v - a potion of mutation {unknown}


   Skills:
 + Level 2.8 Fighting
 - Level 2.1 Short Blades
 - Level 2.0 Throwing
 + Level 2.3 Dodging
 + Level 4.6 Stealth
 + Level 1.5 Spellcasting


You had 6 spell levels left.
You didn't know any spells.
Your spell library contained the following spells:

 Spells                   Type           Power      Damage    Failure   Level
 Magic Dart               Conj           4%         1d3       26%         1
 Scorch                   Fire           2%         2d5       38%         2
 Searing Ray              Conj           2%         2d4       38%         2
 Sublimation of Blood     Necr           1%         N/A       38%         2
 Wereblood                Tmut           1%         N/A       38%         2
 Flame Wave               Conj/Fire      1%         2d4       95%         4
 Fulminant Prism          Conj/Hex       0%         3d6       95%         4
 Summon Cactus Giant      Summ           0%         N/A       100%        6
 Summon Hydra             Summ           0%         N/A       100%        7


Dungeon Overview and Level Annotations

Branches:
Dungeon (3/15)

Altars:

Annotations:
D:3 Grinder


Innate Abilities, Weirdness & Mutations

You have a beak for a mouth.
You have claws for feet.


Message History

Grinder shouts!
Grinder says, "You look like you could use a good racking."
Grinder gestures at you. You resist with significant effort.
There is an open door here.
Grinder blinks!
There is an open door here.
Grinder attacks as you move away! Grinder completely misses you.
Grinder says, "Are you a fish?" Grinder gestures at you.
You suddenly lose the ability to move!
Grinder gestures at you. Pain shoots through your body!
You can move again.
You see here 13 stones.
Unknown command.
Grinder completely misses you.
There is an open door here.
You barely miss Grinder. Your kick misses Grinder. You peck Grinder.
Grinder is lightly wounded.
Grinder gestures at you.
You shrug off the repeated paralysis!
Unknown command.
You barely miss Grinder. Your kick misses Grinder.
Grinder is lightly wounded.
Grinder drinks a potion.
Grinder seems to speed up.
You closely miss Grinder. You claw Grinder, but do no damage.
Your peck misses Grinder.
Grinder is lightly wounded.
Grinder hits you!
You writhe in agony.
* * * LOW HITPOINT WARNING * * *
Unknown command.
It was a potion of flight.
You feel very buoyant.
You fly up into the air.
Grinder hits you.
* * * LOW HITPOINT WARNING * * *
You writhe in agony.
* * * LOW HITPOINT WARNING * * *
Grinder hits you.
You die...

#.##.#.## ..#....#
#.###..# #.###..#
#..##..######
#............
##..#...########
#..#...#.)#...#
#......#.(@5.)# .
#......####...# +#..
#.......P.#'###.....
#...................
#.................##
#...>...####..#+###
#.####.P# #..# #.#
#..# #..# #.# #..#
#..#


You could see Grinder (fast).

Vanquished Creatures
  3 adders
  A worm (D:2)
  3 dart slugs (D:2)
  7 ball pythons
  3 endoplasms
  A giant cockroach (D:2)
  6 goblins
  6 hobgoblins
  2 jackals (D:1)
  2 quokkas (D:1)
  4 bats
  4 frilled lizards
  4 kobolds
  4 rats
50 creatures vanquished.

Notes
Turn   | Place    | Note
-------+----------+-------------------------------------------
     0 | D:1      | Shayle the Tengu Brigand began the quest for the Orb.
     0 | D:1      | Reached XP level 1. HP: 12/12 MP: 2/2
    67 | D:1      | Found a faded altar of an unknown god.
   414 | D:1      | Reached XP level 2. HP: 13/17 MP: 3/3
   877 | D:1      | Reached XP level 3. HP: 22/22 MP: 5/5
   981 | D:1      | Reached skill level 1 in Spellcasting
  1749 | D:2      | Reached XP level 4. HP: 24/27 MP: 6/6
  2325 | D:3      | Noticed Grinder
  2329 | D:3      | Paralysed by Grinder for 2 turns
  2335 | D:3      | Slain by Grinder

Illustrated notes

Levels and vault maps discovered:
D:1:      nicolae_arrival_somewhat_less_tricky_arrival, layout_rooms,
          serial_rivers, chequers_serial_rivers_micro_d,
          chequers_serial_rivers_micro_d, chequers_serial_rivers_micro_b,
          chequers_serial_rivers_large_b, chequers_serial_rivers_large_a,
          ebering_ecumenical_altar_box, kennysheep_small_spiral,
          ebering_dispersal_statue_hall
D:2:      layout_loops_cross, grunt_decor_arrowhead, dk_noncrumbling_3,
          kennysheep_donut
D:3:      corexii_shack_village, layout_basic, nicolae_overflow_crystal_walls,
          st_stairs_1, uniq_grinder

Skill      XL: |  1  2  3 |
---------------+----------+-----
Spellcasting   | 1 |  1.5
Dodging        | 2 |  2.3
Fighting       | |  2.8
Short Blades   | |  2.1
Throwing       | |  2.0
Stealth        | |  4.6

Action                   |  1- 3 |  4- 6 || total
-------------------------+-------+-------++-------
Melee: Dagger            |    90 |    22 ||   112
       Kick              |    18 |     7 ||    25
       Peck              |     8 |     4 ||    12
       Punch             |       |     1 ||     1
  Use: Potion            |       |     1 ||     1
 Stab: Sleeping          |    10 |     3 ||    13
Armor: Robe              |    23 |     5 ||    28
Dodge: Dodged            |    56 |    10 ||    66

Table legend: (Time is in decaauts)
 A = Elapsed time spent in this place.
 B = Non-inter-level travel time spent in this place.
 C = Inter-level travel time spent in this place.
 D = Time resting spent in this place.
 E = Time spent auto-exploring this place.
 F = Levels seen in this place.
 G = Mean time per level.
                   A        B        C        D        E       F      G
               +--------+--------+--------+--------+--------+-----+--------+
         Total |   2359 |   2275 |     84 |    165 |   1588 |   3 |  786.3 |
       Dungeon |   2359 |   2275 |     84 |    165 |   1588 |   3 |  786.3 |
               +--------+--------+--------+--------+--------+-----+--------+

Top non-repeatable levels by time:
     D:1: 1171 daAuts
     D:2: 1019 daAuts
     D:3: 168 daAuts
